 Dungeon Crawl Stone Soup version 0.29-a0-321-gf1c400731a (webtiles) character file.

Game seed: 8242115534982362295

88 Hubjo the Skirmisher (level 4, 0/37 HPs)
             Began as a Demonspawn Monk on Apr 4, 2022.
             Was a High Priest of Ignis.
             Slain by a gnoll
             ... wielding a +0 whip
              (6 damage)
             ... on level 2 of the Dungeon.
             The game lasted 00:02:17 (2218 turns).

Hubjo the Skirmisher (Demonspawn Monk)              Turns: 2218, Time: 00:02:18

Health: 0/37       AC:  2    Str: 11    XL:     4   Next: 29%
Magic:  6/6        EV: 13    Int: 12    God:    Ignis [*****.]
Gold:   58         SH:  0    Dex: 17    Spells: 5/5 levels left

rFire   + . .      SeeInvis .   a - +0 short sword
rCold   . . .      Faith    .   (no shield)
rNeg    . . .      Spirit   .   b - +0 robe
rPois   .          Reflect  .   (helmet restricted)
rElec   .          Harm     .   (no cloak)
rCorr   .          Rampage  .   (no gloves)
Will    .....                   (no boots)
Stlth   ++........              (no amulet)
HPRegen 0.12/turn               (no ring)
MPRegen 0.20/turn               (no ring)

@: no status effects
A: horns 1, spiny 1, magic regeneration
a: Renounce Religion, Fiery Armour, Foxfire Swarm, Rising Flame


You were on level 2 of the Dungeon.
You worshipped Ignis.
Ignis was extremely pleased with you.
You visited 1 branch of the dungeon, and saw 2 of its levels.

You collected 58 gold pieces.

Inventory:

Hand Weapons
 a - a +0 short sword (weapon)
Armour
 b - a +0 robe (worn)
Jewellery
 d - a ring of magical power
Scrolls
 c - 2 scrolls of noise {unknown}
 e - a scroll of teleportation {unknown}
 h - a scroll of fog {unknown}
 i - a scroll of blinking {unknown}
 j - a scroll of vulnerability {unknown}
 k - 2 scrolls of magic mapping
Potions
 f - a potion of mutation {unknown}
 g - a potion of haste {unknown}
 l - a potion of attraction {unknown}
 m - a potion of degeneration {unknown}


   Skills:
 + Level 4.0 Fighting
 - Level 2.6 Short Blades
 - Level 2.6 Dodging
 * Level 3.1 Stealth
 + Level 1.3 Spellcasting


You had 5 spell levels left.
You didn't know any spells.
Your spell library contained the following spells:

 Spells                   Type           Power      Damage    Failure   Level
 Passage of Golubria      Tloc           0%         N/A       96%         4
 Silence                  Hex/Air        0%         N/A       100%        5
 Lehudib's Crystal Spear  Conj/Erth      0%         10d2      100%        8


Dungeon Overview and Level Annotations

Branches:
Dungeon (2/15)

Altars:
Ignis


Innate Abilities, Weirdness & Mutations

You have a pair of small horns on your head.
You are partially covered in sharp spines.
You regenerate magic rapidly.


Message History

The gnoll hits you with a +0 halberd.
The gnoll shouts!
You hit the gnoll. You headbutt the gnoll.
The gnoll is moderately wounded.
The gnoll misses you.
You hit the gnoll.
The gnoll is heavily wounded.
The gnoll is struck by your spines. The gnoll closely misses you.
The gnoll barely misses you.
You hit the gnoll but do no damage.
The gnoll is severely wounded.
The gnoll closely misses you. x2
You closely miss the gnoll. Your headbutt misses the gnoll.
The gnoll is severely wounded.
The gnoll barely misses you. The gnoll misses you.
You hit the gnoll but do no damage. Your headbutt misses the gnoll.
The gnoll is severely wounded.
The gnoll is struck by your spines. The gnoll hits you with a +0 halberd!
The gnoll hits you with a +0 whip.
You are too injured to fight recklessly!
You are too injured to fight recklessly!
You are too injured to fight recklessly!
You are too injured to fight recklessly!
You are too injured to fight recklessly!
You are too injured to fight recklessly!
You are too injured to fight recklessly!
You are too injured to fight recklessly!
The gnoll misses you.
As you read the scroll labelled XEATUK GOG ZUNNI, it crumbles to dust.
You feel aware of your surroundings.
It was a scroll of magic mapping.
The gnoll closely misses you. The gnoll barely misses you.
Activating: Foxfire Swarm
Press: ? - help, Dir - look around, f - activate Look: a gnoll, wielding a +0 flail Flames leap up around you!
You can no longer rocket upward and away.
The gnoll hits you from afar with a +0 halberd!
* * * LOW HITPOINT WARNING * * *
The gnoll hits you with a +0 whip.
You die...

*,**##..#****#.#
#(**.#..##**##.#
*.#<#.....,,,..########
*,.#,....,,**#.##......
*,*.....##,* #.#...####
*,*#.#..##.###.....#
#.##v#gg##.........#
#...vvggv.>....##..#
####.#@#######.##..####
#.#vvv......##......
#.#v###.######'#####
#...# #)# ##...##
######.###.# ##.....##
#..........###.......##
#.####...####.........#
*,* #.......'.........'
*,* #....####.........#


You could see 4 gnolls.

Vanquished Creatures
  Jessica (D:2)
  2 adders (D:2)
  A dart slug (D:1)
  2 endoplasms (D:2)
  A giant cockroach (D:1)
  5 goblins
  3 hobgoblins (D:1)
  7 jackals (D:1)
  A kobold (D:2)
  A quokka (D:1)
  3 ball pythons
  4 bats
  4 frilled lizards
  2 rats
37 creatures vanquished.

Notes
Turn   | Place    | Note
-------+----------+-------------------------------------------
     0 | D:1      | Hubjo the Demonspawn Monk began the quest for the Orb.
     0 | D:1      | Reached XP level 1. HP: 18/18 MP: 1/1
   126 | D:1      | Gained mutation: You are partially covered in sharp spines.
                  | [demonic ancestry]
   126 | D:1      | Reached XP level 2. HP: 23/24 MP: 2/2
   353 | D:1      | Found a faded altar of an unknown god.
   380 | D:1      | Prayed at the altar of an unknown god.
   380 | D:1      | Became a worshipper of Ignis, the Dying Flame
   380 | D:1      | Reached ****** piety under Ignis
   864 | D:1      | Gained mutation: You regenerate magic rapidly. [demonic
                  | ancestry]
   864 | D:1      | Reached XP level 3. HP: 23/29 MP: 4/4
  1327 | D:2      | Reached skill level 1 in Spellcasting
  1895 | D:2      | Noticed Jessica
  1901 | D:2      | Killed Jessica
  1902 | D:2      | Reached skill level 4 in Fighting
  1902 | D:2      | Gained mutation: You have a pair of small horns on your
                  | head. [demonic ancestry]
  1902 | D:2      | Reached XP level 4. HP: 23/37 MP: 5/5
  2218 | D:2      | Slain by a gnoll

Illustrated notes

Levels and vault maps discovered:
D:1:      lemuel_arrival_cross, layout_loops_corners,
          dreamdust_ecumenical_altar_statues, serial_forest,
          infiniplex_forest_lined_corner, infiniplex_forest_lined_room_2,
          infiniplex_forest_clump_C, infiniplex_forest_straight_5,
          infiniplex_forest_straight_3, infiniplex_forest_lined_3,
          lemuel_flame_loot_1
D:2:      layout_loops_corners, uniq_jessica

Skill      XL: |  1  2  3 |
---------------+----------+-----
Stealth        | 2 3 |  3.1
Spellcasting   | 1 |  1.3
Fighting       | 4 |  4.0
Short Blades   | |  2.6
Dodging        | |  2.6

Action                   |  1- 3 |  4- 6 || total
-------------------------+-------+-------++-------
Melee: Short sword       |    99 |     6 ||   105
       Punch             |     3 |       ||     3
       Headbutt          |       |     1 ||     1
Invok: Foxfire Swarm     |       |     1 ||     1
  Use: Potion            |     1 |       ||     1
       Scroll            |       |     1 ||     1
 Stab: Sleeping          |     3 |     1 ||     4
Armor: Robe              |    19 |       ||    19
Dodge: Dodged            |    75 |    11 ||    86

Table legend: (Time is in decaauts)
 A = Elapsed time spent in this place.
 B = Non-inter-level travel time spent in this place.
 C = Inter-level travel time spent in this place.
 D = Time resting spent in this place.
 E = Time spent auto-exploring this place.
 F = Levels seen in this place.
 G = Mean time per level.
                   A        B        C        D        E       F      G
               +--------+--------+--------+--------+--------+-----+--------+
         Total |   2219 |   2219 |      0 |      0 |   1925 |   2 | 1109.5 |
       Dungeon |   2219 |   2219 |      0 |      0 |   1925 |   2 | 1109.5 |
               +--------+--------+--------+--------+--------+-----+--------+

Top non-repeatable levels by time:
     D:1: 1254 daAuts
     D:2: 964 daAuts
